 Dungeon Crawl Stone Soup version 0.31-a0-1591-g515db51633 (webtiles) character file.

Game seed: 6518181302061228246

2 Laraso the Sneak (level 1, -1/18 HPs)
             Began as an Armataur Delver on Jan 6, 2024.
             Slain by a bullfrog zombie (6 damage)
             ... on level 4 of the Dungeon.
             The game lasted 00:01:05 (109 turns).

Laraso the Sneak (Armataur Delver)                   Turns: 109, Time: 00:01:05

Health: -1/18      AC:  4    Str: 17    XL:     1   Next: 33%
Magic:  1/1        EV:  9    Int: 10    God:
Gold:   20         SH:  0    Dex: 11    Spells: 0/0 levels left

rFire   . . .        a - +0 mace
rCold   . . .        (no shield)
rNeg    . . .        b - +0 leather armour
rPois   .            (no helmet)
rElec   .            (no cloak)
rCorr   .            (no gloves)
SInv    .            (no barding)
Will    .....        (no amulet)
Stlth   +++          (no ring)
HPRegen 0.23/turn    (no ring)
MPRegen 1.39/turn

%: roll
@: no status effects
A: large, deformed body, tough skin 3, armoured tail, roll 1
a: no special abilities


You were on level 4 of the Dungeon.
You visited 1 branch of the dungeon, and saw 2 of its levels.

You collected 20 gold pieces.

Inventory:

Hand Weapons
 a - a +0 mace (weapon)
Armour
 b - a +0 leather armour (worn)
Wands
 g - a wand of digging (2)
Scrolls
 c - a scroll of fog
 d - a scroll of revelation
Potions
 f - a potion of haste


   Skills:
 - Level 2.6 Fighting
 * Level 2.0 Maces & Flails
 - Level 1.3 Dodging
 - Level 5.4 Stealth


You couldn't memorise any spells.
You didn't know any spells.
Your spell library was empty.

Dungeon Overview and Level Annotations

Branches:
Dungeon (5/15)
 Temple: D:4-7

Altars:

Shops:
D:5 [


Innate Abilities, Weirdness & Mutations

Armour fits poorly on your strangely shaped body.
You have extremely tough skin. (AC +3)
You have a long armoured tail.
You regenerate magic when rolling toward enemies. (Rampage MPRegen)


Message History

You kill the hobgoblin!
Your Maces & Flails skill increases to level 2!
You see here a hobgoblin corpse.
A bullfrog zombie comes into view.
Found 7 gold pieces.
You roll towards the bullfrog zombie!
A bullfrog zombie comes into view.
The bullfrog zombie hits you.
You hit the bullfrog zombie but do no damage.
The bullfrog zombie hits you but does no damage.
The bullfrog zombie closely misses you.
You hit the bullfrog zombie.
The bullfrog zombie is lightly damaged.
The bullfrog zombie hits you but does no damage.
You hit the bullfrog zombie but do no damage.
You tail-slap the bullfrog zombie.
The bullfrog zombie is lightly damaged.
The bullfrog zombie barely misses you.
The bullfrog zombie completely misses you.
You sock the bullfrog zombie!
Your tail-slap misses the bullfrog zombie.
The bullfrog zombie is moderately damaged.
The bullfrog zombie hits you but does no damage.
The bullfrog zombie barely misses you.
You barely miss the bullfrog zombie.
The bullfrog zombie is moderately damaged.
The bullfrog zombie hits you but does no damage.
You hit the bullfrog zombie.
The bullfrog zombie is moderately damaged.
The bullfrog zombie hits you. x2
Okay, then.
The bullfrog zombie hits you but does no damage.
Aiming: Dig
Press: ? - help, Shift-Dir - straight line, f - you Please select a direction to dig.
The rock shatters into small pieces.
The bullfrog zombie hits you. x3
* * * LOW HITPOINT WARNING * * *
The bullfrog zombie attacks as it pursues you!
The bullfrog zombie hits you.
You die...

## #.# #.# #.# #.# #.#
##########.# #........@#
#..$...ZZ######
..............############
#........####.†...........
#........# ##############
##########


You could see 2 bullfrog zombies.

Vanquished Creatures
  A goblin (D:4)
  A hobgoblin (D:4)
2 creatures vanquished.

Notes
Turn   | Place    | Note
-------+----------+-------------------------------------------
     0 | D:5      | Laraso the Armataur Delver began the quest for the Orb.
     0 | D:5      | Reached XP level 1. HP: 18/18 MP: 1/1
    31 | D:4      | Noticed a hound
   109 | D:4      | Slain by a bullfrog zombie

Illustrated notes

Levels and vault maps discovered:
D:4:      minmay_chambers_of_threes, layout_basic, overflow_temple_1_default,
          lemuel_zombie_altar_yredelemnul
D:5:      layout_rooms, okawaru_trees_2, serial_co_window_serial,
          co_window_paths_a, co_window_corner_a, co_window_corner_a,
          co_window_corner_a, co_window_paths_a, co_window_broadway_c,
          co_window_broadway_b, co_window_of_opportunity_b,
          co_window_broadway_a, co_window_corner_b, co_window_broadway_a,
          glass_columns_a, glass_columns_a, glass_columns_a, glass_columns_a,
          glass_columns_a, serial_shops, shop, uniq_pikel, uniq_sigmund,
          uniq_edmund, uniq_eustachio

Skill      XL: |  1 |
---------------+----+-----
Maces & Flails | 2 |  2.0
Fighting       | |  2.6
Dodging        | |  1.3
Stealth        | |  5.4

Action                     || total
---------------------------++-------
  Melee: Mace              ||    13
         Tailslap          ||     2
  Evoke: Wand              ||     1
    Use: Scroll            ||     1
 Armour: Leather armour    ||    15
  Dodge: Dodged            ||     9

Table legend: (Time is in decaauts)
 A = Elapsed time spent in this place.
 B = Non-inter-level travel time spent in this place.
 C = Inter-level travel time spent in this place.
 D = Time resting spent in this place.
 E = Time spent auto-exploring this place.
 F = Levels seen in this place.
 G = Mean time per level.
                   A        B        C        D        E       F      G
               +--------+--------+--------+--------+--------+-----+--------+
         Total |    112 |    112 |      0 |      0 |      0 |   2 |   56.0 |
       Dungeon |    112 |    112 |      0 |      0 |      0 |   2 |   56.0 |
               +--------+--------+--------+--------+--------+-----+--------+

Top non-repeatable levels by time:
     D:4: 95 daAuts
     D:5: 17 daAuts
